 Dungeon Crawl Stone Soup version 0.31-a0-188-g5e087ee2ca (webtiles) character file.

Game seed: 9603529993402856609

0 qw the Shooter (level 1, -4/12 HPs)
             Began as a Deep Elf Hunter on June 23, 2023.
             Slain by a gnoll
             ... wielding a +0 spear
              (6 damage)
             ... on level 1 of the Dungeon.
             The game lasted 00:00:01 (42 turns).

qw the Shooter (Deep Elf Hunter)                      Turns: 42, Time: 00:00:02

Health: -4/12      AC:  3    Str:  8    XL:     1   Next: 8%
Magic:  3/3        EV: 12    Int: 13    God:
Gold:   0          SH:  0    Dex: 18    Spells: 0/0 levels left

rFire   . . .        Y - +0 shortbow
rCold   . . .        (shield currently unavailable)
rNeg    . . .        c - +0 leather armour
rPois   .            (no helmet)
rElec   .            (no cloak)
rCorr   .            (no gloves)
SInv    .            (no boots)
Will    .....        (no amulet)
Stlth   ++           (no ring)
HPRegen 0.22/turn    (no ring)
MPRegen 0.08/turn

%: no passive effects
@: no status effects
A: no striking features
a: no special abilities


You were on level 1 of the Dungeon.
You visited 1 branch of the dungeon, and saw 1 of its levels.


   Skills:
 - Level 1.5 Fighting
 + Level 5.3 Ranged Weapons
 - Level 2.4 Dodging
 - Level 1.2 Stealth


You couldn't memorise any spells.
You didn't know any spells.
Your spell library was empty.

Inventory:

Hand Weapons
 Y - a +0 shortbow (weapon)
Armour
 c - a +0 leather armour (worn)
Scrolls
 b - a scroll of butterflies
 e - a scroll of poison {unknown}

Dungeon Overview and Level Annotations

Branches:
Dungeon (1/15)

Altars:

Annotations:
D:1 exclusion: 2 gnolls


Message History

As you open the door, it creaks loudly!
There is an open door here.
Found a long sword.
A ball python comes into view.
Found 3 stones.
You see here a scroll labelled TAXZIENU BAKA.
You shoot an arrow.
The arrow closely misses the ball python.
You shoot an arrow.
The arrow closely misses the ball python.
You shoot an arrow.
The arrow hits the ball python but does no damage.
The ball python closely misses you. The ball python misses you.
The ball python barely misses you. The ball python closely misses you.
You shoot an arrow. The arrow hits the ball python.
You kill the ball python!
e - a scroll labelled TAXZIENU BAKA
Things that are here:
a +0 long sword; a ball python corpse A gnoll comes into view.
It is wielding a +0 spear.
You see here 3 stones.
You shoot an arrow. The arrow hits the gnoll.
The gnoll is lightly wounded.
You shoot an arrow. The arrow closely misses the gnoll.
You shoot an arrow. The arrow hits the gnoll.
The gnoll is heavily wounded.
You shoot an arrow. The arrow barely misses the gnoll.
You shoot an arrow.
The arrow hits the gnoll but does no damage.
The gnoll is heavily wounded.
The gnoll hits you from afar with a +0 spear.
Ouch! That really hurt!
38 ||| READING scroll labelled SUR DOITRUROTU.
As you read the scroll labelled SUR DOITRUROTU, it crumbles to dust.
You feel strangely unstable.
It was a scroll of teleportation.
The gnoll hits you from afar with a +0 spear.
Your surroundings suddenly seem different.
The gnoll hits you from afar with a +0 spear.
Ouch! That really hurt!
You die...

#.# #.# ##.## ....#
####### #..# #.....#
##..####### #@....#
#....................#
#......#########g....#
#....#.).....(.......#
...#...###..........##
######## #########..#


77777 #..# P.PP7 #..# 777.77 You could see a gnoll.

Vanquished Creatures
  A ball python (D:1)
1 creature vanquished.

Notes
Turn   | Place    | Note
-------+----------+-------------------------------------------
     0 | D:1      | qw the Deep Elf Hunter began the quest for the Orb.
     0 | D:1      | Reached XP level 1. HP: 12/12 MP: 3/3
     0 | D:1      | 0 ||| qw: Version: 0.3-a-9-g12657ce
     0 | D:1      | 0 ||| qw: Game counter: 3135
     0 | D:1      | 0 ||| qw: Always use a shield: true
     0 | D:1      | 0 ||| qw: God list: Okawaru
     0 | D:1      | 0 ||| qw: Allow faded altars: false
     0 | D:1      | 0 ||| qw: Do Orc after D:15 true
     0 | D:1      | 0 ||| qw: Do second Lair branch before Depths: true
     0 | D:1      | 0 ||| qw: Lair rune preference: random
     0 | D:1      | 0 ||| qw: Plans: Normal
     0 | D:1      | 0 ||| PLANNING D:1-11
    38 | D:1      | 38 ||| READING scroll labelled SUR DOITRUROTU.
    38 | D:1      | HP: 1/12 [gnoll/+0 spear (5)]
    42 | D:1      | Slain by a gnoll

Levels and vault maps discovered:
D:1:      psy_arrival_fountain, layout_loops_ring

Action                     || total
---------------------------++-------
   Fire: Shortbow          ||     9
    Use: Scroll            ||     1
  Dodge: Dodged            ||     4

Table legend:
 A = Non-vault XP
 B = Vault XP
 C = Vault XP percentage of total XP
 D = Non-vault monster count
 E = Vault monster count
 F = Vault count percentage of total count
                 A         B        C        D         E       F
            +---------+---------+-------+---------+---------+-------
      Total |       1 |       0 |   0.0 |       1 |       0 |   0.0
            +---------+---------+-------+---------+---------+-------
        D:1 |       1 |       0 |   0.0 |       1 |       0 |   0.0
            +---------+---------+-------+---------+---------+-------
